Moose vs Gulls (R1)

Created - February 26, 2025 at 09:22

Goals
1 2 3 T
Moose 2 0 3 5
Gulls 0 0 2 2
Shots
1 2 3 T
Moose 10 4 17 31
Gulls 7 10 11 28

1st period

1. Moose , Nelson Nogier 1 (Vinni Lettieri 17, Jake Leschyshyn 19) at 8:05 (PP)
2. Moose , Julien Gauthier 7 (Eetu Luostarinen 21, Jake Leschyshyn 20) at 11:23

Penalties :
Dean Kukan (S.D) for Tripping (Minor) at 8:02, Nelson Nogier (Man) for Holding (Minor) at 14:22

2nd period

No Goal

Penalties :
Dylan DeMelo (S.D) for Tripping (Minor) at 0:48, Julien Gauthier (Man) for Slashing (Minor) at 7:51, Connor Clifton (S.D) for Roughing (Minor) at 12:54, Caleb Jones (Man) for Slashing (Minor) at 16:11

3rd period

3. Gulls , Kailer Yamamoto 18 (Tarmo Reunanen 12, Anton Blidh 32) at 4:28
4. Gulls , Logan Brown 17 (Anton Blidh 33) at 4:52 (PP)
5. Moose , Juuso Valimaki 2 (Mitchell Stephens 10, Nelson Nogier 6) at 10:13
6. Moose , Vinni Lettieri 18 (Boris Katchouk 14, Riley Damiani 2) at 17:52
7. Moose , Logan O'Connor 20 (Josh Mahura 15, Nick Paul 29) at 19:08

Penalties :
Jake Leschyshyn (Man) for Slashing (Minor) at 0:48, Jake Leschyshyn (Man) for High sticking (Minor) at 4:47

Goalie Stats

Filip Gustavsson (Man), 26 saves from 28 shots - (0.929), W, 20-18-2, 60:00 minutes
Louis Domingue (S.D), 26 saves from 31 shots - (0.839), L, 17-12-8, 60:00 minutes

Players Stats for Moose

Player Name              G  A  P  +/- PIM S  H  SB GA TA FO     MP     PP MP  PK MP  
------------------------------------------------------------------------------------
Aliaksei Protas          0  0  0  -1  0   0  1  0  0  0  0/0     8:26   0:07   0:00 
Axel Jonsson-Fjallby     0  0  0  -1  0   3  3  0  1  0  0/0     8:06   0:00   0:00 
Boris Katchouk           0  1  1   1  0   1  1  0  0  0  1/1    11:44   0:07   0:05 
Caleb Jones              0  0  0   2  2   0  1  0  0  1  0/0    13:22   0:00   1:02 
Eetu Luostarinen         0  1  1   1  0   3  5  1  0  0  1/1    22:05   2:09   4:41 
Jake Leschyshyn          0  2  2   1  4   3  6  1  0  0  8/22   20:10   2:01   2:53 
John Beecher             0  0  0  -1  0   0  1  1  0  0  2/4     8:06   0:00   0:00 
Josh Mahura              0  1  1   2  0   0  0  1  0  0  0/0    12:13   0:00   0:00 
Julien Gauthier          1  0  1   1  2   5  2  1  0  0  0/2    16:57   1:45   0:00 
Juuso Valimaki           1  0  1   1  0   2  1  0  0  1  0/0    21:11   1:51   3:17 
Logan O'Connor           1  0  1   2  0   4  1  0  0  0  0/4    15:47   0:15   2:19 
Ludwig Bystrom           0  0  0   0  0   0  1  0  0  2  0/0    26:56   2:10   4:44 
Matthew Benning          0  0  0   0  0   2  3  0  1  0  0/0    26:56   2:10   4:44 
Mitchell Stephens        0  1  1   2  0   1  1  0  0  0  8/12   15:38   1:45   1:35 
Nelson Nogier            1  1  2   1  2   2  1  3  0  0  0/0    20:38   1:51   2:15 
Nick Paul                0  1  1   2  0   3  1  1  0  1  0/0    17:50   1:45   3:00 
Riley Damiani            0  1  1   1  0   0  1  1  0  0  6/7    13:09   0:00   1:29 
Vinni Lettieri           1  1  2   1  0   2  2  1  0  0  0/0    12:40   2:09   0:00 

Players Stats for Gulls

Player Name              G  A  P  +/- PIM S  H  SB GA TA FO     MP     PP MP  PK MP  
------------------------------------------------------------------------------------
Andrei Mironov           0  0  0   0  0   1  3  0  0  1  0/0    26:16   4:50   1:48 
Anton Blidh              0  2  2   0  0   1  1  0  0  0  2/3    19:44   4:28   1:01 
Barrett Hayton           0  0  0   0  0   3  1  0  0  0  0/2     8:01   0:13   1:00 
Connor Clifton           0  0  0   0  2   0  1  2  0  0  0/0    15:32   0:14   0:47 
Dean Kukan               0  0  0   0  2   4  0  2  1  0  0/0    27:02   4:15   2:13 
Dylan DeMelo             0  0  0  -3  2   2  1  1  0  1  0/0    19:08   3:32   0:58 
Jack Glover              0  0  0  -3  0   1  2  0  0  0  0/0    17:50   3:11   0:00 
Jakub Vrana              0  0  0  -1  0   2  0  0  0  0  0/0    16:30   3:27   0:00 
Kailer Yamamoto          1  0  1   0  0   3  1  1  0  0  0/3    18:48   4:24   0:00 
Logan Brown              1  0  1   0  0   5  2  0  0  0  14/26  18:25   4:24   0:00 
Luke Kunin               0  0  0  -2  0   0  1  1  0  0  6/10   15:11   0:00   1:58 
Mikhail Maltsev          0  0  0  -2  0   1  3  0  0  0  0/0    13:08   0:47   0:00 
Morgan Frost             0  0  0  -1  0   1  0  0  0  0  3/7    17:59   3:24   1:03 
Pavel Dorofeyev          0  0  0   0  0   1  1  1  0  0  0/0     6:41   0:09   0:00 
Scott Wilson             0  0  0   0  0   0  0  0  1  0  0/0     8:48   0:13   1:03 
Sergey Tolchinsky        0  0  0  -1  0   2  4  0  1  0  1/1    18:52   2:34   1:57 
Tarmo Reunanen           0  1  1   0  0   1  0  2  0  0  0/0    15:57   0:00   2:16 
Troy Terry               0  0  0  -2  0   0  0  0  2  0  1/1    12:04   0:00   0:00 

3 Stars

1 - Vinni Lettieri (Man)
2 - Nelson Nogier (Man)
3 - Logan O'Connor (Man)

Power Play

Moose - 1 on 3 Attempt(s) - 33.33%
Gulls - 1 on 5 Attempt(s) - 20.00%

Penalty Kill

Moose - 4 on 5 Attempt(s) - 80.00% - Score 0 goal in Penalty Kill
Gulls - 2 on 3 Attempt(s) - 66.67% - Score 0 goal in Penalty Kill

Team Stat

Moose - Hits : 32 - Faceoff Wins : 26 - Blocked Shots : 11 - Penalty Minutes : 10
Gulls - Hits : 21 - Faceoff Wins : 27 - Blocked Shots : 10 - Penalty Minutes : 6

Official

Referees : Beaudry Halkidis and Francis Charron
Linesman : Brian Mach and Kyle Flemington

Game Notes

No Game Note

Finance

Level 1 -- Attendance: 1691 (84.55%) -- Ticket Income $118,370
Level 2 -- Attendance: 824 (82.40%) -- Ticket Income $32,960
Total Attendance: 2515 (83.83%)
Total Ticket Income: $151,330
Other Income: $7,566
Total Income: $158,896

Moose

5 vs 5 Forward 
   Center                   Left Wing                Right Wing               Time % Phy DF OF 
 1 Jake Leschyshyn          Eetu Luostarinen         Julien Gauthier          40     1   2  2  
 2 Mitchell Stephens        Nick Paul                Logan O'Connor           30     1   2  2  
 3 Riley Damiani            Boris Katchouk           Vinni Lettieri           20     1   2  2  
 4 John Beecher             Axel Jonsson-Fjallby     Aliaksei Protas          10     1   2  2  

5 vs 5 Defense 
   Defense                  Defense                                           Time % Phy DF OF 
 1 Ludwig Bystrom           Matthew Benning                                   40     1   2  2  
 2 Juuso Valimaki           Nelson Nogier                                     30     1   2  2  
 3 Caleb Jones              Josh Mahura                                       20     1   2  2  
 4 Ludwig Bystrom           Matthew Benning                                   10     1   2  2  

PowerPlay Forward 
   Center                   Left Wing                Right Wing               Time % Phy DF OF 
 1 Jake Leschyshyn          Eetu Luostarinen         Vinni Lettieri           60     1   2  2  
 2 Mitchell Stephens        Nick Paul                Julien Gauthier          40     1   2  2  

PowerPlay Defense
   Defense                  Defense                                           Time % Phy DF OF 
 1 Ludwig Bystrom           Matthew Benning                                   60     1   2  2  
 2 Juuso Valimaki           Nelson Nogier                                     40     1   2  2  

Penalty Kill 4 Players Forward 
   Center                   Wing                     Time % Phy DF OF 
 1 Jake Leschyshyn          Eetu Luostarinen         60     1   2  2  
 2 Mitchell Stephens        Nick Paul                40     1   2  2  

Penalty Kill 4 Players Defense
   Defense                  Defense                  Time % Phy DF OF 
 1 Ludwig Bystrom           Matthew Benning          60     1   2  2  
 2 Juuso Valimaki           Nelson Nogier            40     1   2  2  

Penalty Kill - 3 Players Forward 
   Forward                                           Time % Phy DF OF 
 1 Jake Leschyshyn                                   60     1   2  2  
 2 Mitchell Stephens                                 40     1   2  2  

Penalty Kill - 3 Players Defense
   Defense                  Defense                  Time % Phy DF OF 
 1 Ludwig Bystrom           Matthew Benning          60     1   2  2  
 2 Juuso Valimaki           Nelson Nogier            40     1   2  2  

4 vs 4 Forward 
   Center                   Wing                     Time % Phy DF OF 
 1 Jake Leschyshyn          Eetu Luostarinen         60     1   2  2  
 2 Mitchell Stephens        Nick Paul                40     1   2  2  

4 vs 4 Defense
   Defense                  Defense                  Time % Phy DF OF 
 1 Ludwig Bystrom           Matthew Benning          60     1   2  2  
 2 Juuso Valimaki           Nelson Nogier            40     1   2  2  

Last Minutes Offensive
   Center                   Left Wing                Right Wing               Defense                  Defense                  
   Jake Leschyshyn          Eetu Luostarinen         Vinni Lettieri           Ludwig Bystrom           Matthew Benning          

Last Minutes Defensive
   Center                   Left Wing                Right Wing               Defense                  Defense                  
   Jake Leschyshyn          Eetu Luostarinen         Vinni Lettieri           Ludwig Bystrom           Matthew Benning          

Goaltenders
Starting : Filip Gustavsson         
Backup : Daniel Vladar            

Extra Forwards
Normal : Logan O'Connor, Boris Katchouk, Jake Leschyshyn - PP : Logan O'Connor, Boris Katchouk - PK : Logan O'Connor
Extra Defensemen
Normal : Nelson Nogier, Caleb Jones, Josh Mahura - PP : Nelson Nogier - PK : Nelson Nogier, Caleb Jones
Penalty Shots
Eetu Luostarinen, Nick Paul, Vinni Lettieri, Julien Gauthier, Logan O'Connor
Custom OT Lines Forwards
Eetu Luostarinen, Nick Paul, Vinni Lettieri, Julien Gauthier, Logan O'Connor, Boris Katchouk, Jake Leschyshyn, Axel Jonsson-Fjallby, Mitchell Stephens, Aliaksei Protas
Custom OT Lines Defensemen
Ludwig Bystrom, Matthew Benning, Juuso Valimaki, Nelson Nogier, Caleb Jones

Scratches
Anders Bjork (Healthy), Alexander Khovanov (Healthy), Jaret Anderson-Dolan (Healthy), Joey Keane (Broken Right Thumb Injury), Adam Ginning (Healthy)
Kristian Vesalainen (Healthy), Jonny Tychonick (Healthy), Max Jones (Healthy), Nathan Bastian (Healthy), William Bitten (Healthy)
Jonatan Berggren (Healthy), Juuso Parssinen (Healthy), Lukas Rousek (Healthy), Olle Eriksson Ek (Healthy), Karel Vejmelka (Healthy)

Gulls

5 vs 5 Forward 
   Center                   Left Wing                Right Wing               Time % Phy DF OF 
 1 Logan Brown              Anton Blidh              Kailer Yamamoto          35     0   2  3  
 2 Morgan Frost             Sergey Tolchinsky        Jakub Vrana              30     0   2  3  
 3 Luke Kunin               Mikhail Maltsev          Troy Terry               25     0   2  3  
 4 Barrett Hayton           Pavel Dorofeyev          Scott Wilson             10     1   2  2  

5 vs 5 Defense 
   Defense                  Defense                                           Time % Phy DF OF 
 1 Dean Kukan               Andrei Mironov                                    40     1   2  2  
 2 Dylan DeMelo             Jack Glover                                       30     1   2  2  
 3 Connor Clifton           Tarmo Reunanen                                    20     1   2  2  
 4 Dean Kukan               Andrei Mironov                                    10     1   2  2  

PowerPlay Forward 
   Center                   Left Wing                Right Wing               Time % Phy DF OF 
 1 Logan Brown              Anton Blidh              Kailer Yamamoto          60     0   1  4  
 2 Morgan Frost             Sergey Tolchinsky        Jakub Vrana              40     0   1  4  

PowerPlay Defense
   Defense                  Defense                                           Time % Phy DF OF 
 1 Dean Kukan               Andrei Mironov                                    60     1   2  2  
 2 Dylan DeMelo             Jack Glover                                       40     1   2  2  

Penalty Kill 4 Players Forward 
   Center                   Wing                     Time % Phy DF OF 
 1 Luke Kunin               Sergey Tolchinsky        60     1   2  2  
 2 Morgan Frost             Scott Wilson             40     1   2  2  

Penalty Kill 4 Players Defense
   Defense                  Defense                  Time % Phy DF OF 
 1 Dean Kukan               Tarmo Reunanen           60     1   2  2  
 2 Dylan DeMelo             Connor Clifton           40     1   2  2  

Penalty Kill - 3 Players Forward 
   Forward                                           Time % Phy DF OF 
 1 Barrett Hayton                                    60     1   2  2  
 2 Morgan Frost                                      40     1   2  2  

Penalty Kill - 3 Players Defense
   Defense                  Defense                  Time % Phy DF OF 
 1 Connor Clifton           Andrei Mironov           60     1   2  2  
 2 Tarmo Reunanen           Jack Glover              40     1   2  2  

4 vs 4 Forward 
   Center                   Wing                     Time % Phy DF OF 
 1 Logan Brown              Scott Wilson             60     1   2  2  
 2 Morgan Frost             Troy Terry               40     1   2  2  

4 vs 4 Defense
   Defense                  Defense                  Time % Phy DF OF 
 1 Connor Clifton           Tarmo Reunanen           60     1   2  2  
 2 Dylan DeMelo             Jack Glover              40     1   2  2  

Last Minutes Offensive
   Center                   Left Wing                Right Wing               Defense                  Defense                  
   Logan Brown              Anton Blidh              Jakub Vrana              Dean Kukan               Andrei Mironov           

Last Minutes Defensive
   Center                   Left Wing                Right Wing               Defense                  Defense                  
   Logan Brown              Anton Blidh              Jakub Vrana              Dean Kukan               Andrei Mironov           

Goaltenders
Starting : Louis Domingue           
Backup : Eamon McAdam             

Extra Forwards
Normal : Anton Blidh, Jakub Vrana, Kailer Yamamoto - PP : Jakub Vrana, Anton Blidh - PK : Sergey Tolchinsky
Extra Defensemen
Normal : Connor Clifton, Tarmo Reunanen, Dean Kukan - PP : Connor Clifton - PK : Tarmo Reunanen, Dean Kukan
Penalty Shots
Jakub Vrana, Logan Brown, Scott Wilson, Anton Blidh, Sergey Tolchinsky
Custom OT Lines Forwards
Jakub Vrana, Logan Brown, Kailer Yamamoto, Anton Blidh, Sergey Tolchinsky, Troy Terry, Morgan Frost, Luke Kunin, Scott Wilson, Pavel Dorofeyev
Custom OT Lines Defensemen
Dean Kukan, Andrei Mironov, Dylan DeMelo, Jack Glover, Connor Clifton

Scratches
Branden Troock (Healthy), Damien Giroux (Healthy), Jake Pivonka (Healthy), Francis Perron (Healthy), Henri Ikonen (Healthy)
Nick Merkley (Healthy), Ryan Collins (Healthy), Taylor Leier (Healthy), MacKenzie Entwistle (Healthy), Zack MacEwen (Healthy)
Niklas Nordgren (Healthy), Massimo Rizzo (Healthy), Markus Niemelainen (Healthy), Drew Helleson (Healthy), Alexis Gravel (Healthy)
Connor Ingram (Healthy), Mads Sogaard (Healthy)

% Time on Ice - Moose

Lines # - Real PCT - Wanted PCT - Time Play
Normal Forward
1 - 35% - 40% - 16:46
2 - 26% - 30% - 12:18
3 - 23% - 20% - 10:48
4 - 17% - 10% - 8:06
Normal Defense
1 - 40% - 40% - 18:58
2 - 33% - 30% - 15:43
3 - 25% - 20% - 12:13
4 - 2% - 10% - 1:04
PP Forward
1 - 56% - 60% - 2:16
2 - 44% - 40% - 1:45
PP Defense
1 - 54% - 60% - 2:10
2 - 46% - 40% - 1:51
PK Forward
1 - 80% - 60% - 6:26
2 - 20% - 40% - 1:35
PK Defense
1 - 59% - 60% - 4:44
2 - 41% - 40% - 3:17
PK3 Forward
1 - 0% - 60%
2 - 0% - 40%
PK3 Defense
1 - 0% - 60%
2 - 0% - 40%
44 Forward
1 - 0% - 60%
2 - 0% - 40%
44 Defense
1 - 0% - 60%
2 - 0% - 40%
Last Minute Offensive  - 0:00
Last Minute Defensive  - 0:00
Total
Forward - 60:00
Defense - 60:00

% Time on Ice - Gulls

Lines # - Real PCT - Wanted PCT - Time Play
Normal Forward
1 - 32% - 35% - 15:35
2 - 29% - 30% - 13:47
3 - 25% - 25% - 12:04
4 - 14% - 10% - 6:32
Normal Defense
1 - 39% - 40% - 18:32
2 - 33% - 30% - 15:39
3 - 25% - 20% - 11:58
4 - 4% - 10% - 1:49
PP Forward
1 - 58% - 60% - 4:37
2 - 42% - 40% - 3:24
PP Defense
1 - 60% - 60% - 4:50
2 - 40% - 40% - 3:11
PK Forward
1 - 74% - 60% - 2:58
2 - 26% - 40% - 1:03
PK Defense
1 - 56% - 60% - 2:16
2 - 44% - 40% - 1:45
PK3 Forward
1 - 0% - 60%
2 - 0% - 40%
PK3 Defense
1 - 0% - 60%
2 - 0% - 40%
44 Forward
1 - 0% - 60%
2 - 0% - 40%
44 Defense
1 - 0% - 60%
2 - 0% - 40%
Last Minute Offensive  - 0:00
Last Minute Defensive  - 0:00
Total
Forward - 60:00
Defense - 60:00

Play-by-Play

1st period


0:01 of 1st period - Logan Brown wins face-off versus Jake Leschyshyn in neutral zone.
0:15 of 1st period - Snap shot by Julien Gauthier.
0:15 of 1st period - Stopped by Louis Domingue with a rebound.
0:53 of 1st period - Wrist shot by Boris Katchouk.
0:53 of 1st period - Deflect By Riley Damiani.
0:53 of 1st period - Shot Misses the Net.
0:53 of 1st period - Puck is out of play.
0:54 of 1st period - Riley Damiani wins face-off versus Barrett Hayton in Gulls zone.
1:19 of 1st period - Connor Clifton is hit by Axel Jonsson-Fjallby and loses puck.
1:40 of 1st period - Caleb Jones is hit by Connor Clifton and loses puck.
1:47 of 1st period - Tarmo Reunanen is hit by Jake Leschyshyn and loses puck.
2:08 of 1st period - Wrist shot by Nick Paul.
2:08 of 1st period - Shot Blocked by Connor Clifton.
2:10 of 1st period - Slapshot by Nelson Nogier.
2:10 of 1st period - Stopped by Louis Domingue with a rebound.
3:00 of 1st period - Dylan DeMelo is hit by Ludwig Bystrom and loses puck.
3:25 of 1st period - Sergey Tolchinsky is hit by Caleb Jones and loses puck.
4:04 of 1st period - Wrist shot by Sergey Tolchinsky.
4:04 of 1st period - Shot Misses the Net.
4:06 of 1st period - Wrist shot by Andrei Mironov.
4:06 of 1st period - Stopped by Filip Gustavsson with a rebound.
4:36 of 1st period - Off-side.
4:37 of 1st period - Mitchell Stephens wins face-off versus Logan Brown in neutral zone.
4:45 of 1st period - Off-side.
4:46 of 1st period - Anton Blidh wins face-off versus Julien Gauthier in neutral zone.
4:57 of 1st period - Snap shot by Anton Blidh.
4:57 of 1st period - Shot Misses the Net.
5:35 of 1st period - Dean Kukan is hit by Boris Katchouk and loses puck.
6:02 of 1st period - Snap shot by Jake Leschyshyn.
6:02 of 1st period - Deflect By Eetu Luostarinen.
6:02 of 1st period - Stopped by Louis Domingue without a rebound.
6:03 of 1st period - Mitchell Stephens wins face-off versus Logan Brown in Gulls zone.
6:04 of 1st period - Wrist shot by Nick Paul.
6:04 of 1st period - Shot Misses the Net.
6:28 of 1st period - Connor Clifton is hit by Julien Gauthier and loses puck.
6:45 of 1st period - Eetu Luostarinen is hit by Sergey Tolchinsky.
7:03 of 1st period - Off-side.
7:04 of 1st period - Anton Blidh wins face-off versus Mitchell Stephens in neutral zone.
7:11 of 1st period - Wrist shot by Logan Brown.
7:11 of 1st period - Stopped by Filip Gustavsson without a rebound.
7:12 of 1st period - Logan Brown wins face-off versus Logan O'Connor in Moose zone.
7:39 of 1st period - Wrist shot by Troy Terry.
7:39 of 1st period - Shot Misses the Net.
8:02 of 1st period - Minor Penalty to Dean Kukan for Tripping.
8:03 of 1st period - Jake Leschyshyn wins face-off versus Luke Kunin in Gulls zone.
8:03 of 1st period - Slapshot by Vinni Lettieri.
8:03 of 1st period - Stopped by Louis Domingue with a rebound.
8:05 of 1st period - Slapshot by Nelson Nogier.
8:05 of 1st period - Goal by Nelson Nogier - Moose : 1 - Gulls : 0.
8:06 of 1st period - Jake Leschyshyn wins face-off versus Logan Brown in neutral zone.
8:31 of 1st period - Ludwig Bystrom is hit by Luke Kunin and loses puck.
8:50 of 1st period - Wrist shot by Jakub Vrana.
8:50 of 1st period - Shot Blocked by Josh Mahura.
8:52 of 1st period - Slapshot by Dean Kukan.
8:52 of 1st period - Stopped by Filip Gustavsson with a rebound.
8:54 of 1st period - Snap shot by Morgan Frost.
8:54 of 1st period - Shot Blocked by Vinni Lettieri.
8:56 of 1st period - Slapshot by Dean Kukan.
8:56 of 1st period - Deflect By Jakub Vrana.
8:56 of 1st period - Shot Misses the Net.
8:56 of 1st period - Puck is out of play.
8:57 of 1st period - Logan Brown wins face-off versus Jake Leschyshyn in Moose zone.
9:02 of 1st period - Slapshot by Logan Brown.
9:02 of 1st period - Stopped by Filip Gustavsson without a rebound.
9:03 of 1st period - Logan Brown wins face-off versus Jake Leschyshyn in Moose zone.
9:06 of 1st period - Snap shot by Anton Blidh.
9:06 of 1st period - Shot Misses the Net.
9:08 of 1st period - Slapshot by Jack Glover.
9:08 of 1st period - Stopped by Filip Gustavsson with a rebound.
9:10 of 1st period - Wrist shot by Anton Blidh.
9:10 of 1st period - Deflect By Kailer Yamamoto.
9:10 of 1st period - Stopped by Filip Gustavsson without a rebound.
9:11 of 1st period - Logan Brown wins face-off versus Jake Leschyshyn in Moose zone.
9:36 of 1st period - Nick Paul is hit by Andrei Mironov and loses puck.
10:19 of 1st period - Wrist shot by Axel Jonsson-Fjallby.
10:19 of 1st period - Shot Blocked by Pavel Dorofeyev.
10:21 of 1st period - Slapshot by Ludwig Bystrom.
10:21 of 1st period - Shot Misses the Net.
10:48 of 1st period - Icing by Eetu Luostarinen.
10:49 of 1st period - Jake Leschyshyn wins face-off versus Luke Kunin in Moose zone.
11:13 of 1st period - Wrist shot by Julien Gauthier.
11:13 of 1st period - Shot Misses the Net.
11:15 of 1st period - Backhand shot by Josh Mahura.
11:15 of 1st period - Shot Misses the Net.
11:21 of 1st period - Snap shot by Jake Leschyshyn.
11:21 of 1st period - Stopped by Louis Domingue with a rebound.
11:23 of 1st period - Snap shot by Eetu Luostarinen.
11:23 of 1st period - Deflect By Julien Gauthier.
11:23 of 1st period - Goal by Julien Gauthier - Moose : 2 - Gulls : 0.
11:24 of 1st period - Mitchell Stephens wins face-off versus Morgan Frost in neutral zone.
11:26 of 1st period - Off-side.
11:27 of 1st period - Morgan Frost wins face-off versus Mitchell Stephens in neutral zone.
11:40 of 1st period - Slapshot by Logan O'Connor.
11:40 of 1st period - Stopped by Louis Domingue with a rebound.
11:42 of 1st period - Backhand shot by Nick Paul.
11:42 of 1st period - Stopped by Louis Domingue with a rebound.
12:02 of 1st period - Snap shot by Logan Brown.
12:02 of 1st period - Stopped by Filip Gustavsson with a rebound.
12:25 of 1st period - Snap shot by Boris Katchouk.
12:25 of 1st period - Shot Misses the Net.
13:02 of 1st period - Icing by Mikhail Maltsev.
13:03 of 1st period - Morgan Frost wins face-off versus Mitchell Stephens in Gulls zone.
13:38 of 1st period - Slapshot by Julien Gauthier.
13:38 of 1st period - Shot Blocked by Kailer Yamamoto.
13:48 of 1st period - Nelson Nogier is hit by Barrett Hayton and loses puck.
14:22 of 1st period - Minor Penalty to Nelson Nogier for Holding.
14:23 of 1st period - Jake Leschyshyn wins face-off versus Logan Brown in Moose zone.
15:15 of 1st period - Snap shot by Nick Paul.
15:15 of 1st period - Stopped by Louis Domingue with a rebound.
16:22 of 1st period - Penalty to Nelson Nogier is over, Nelson Nogier is back on ice.
16:24 of 1st period - Nelson Nogier is hit by Jack Glover and loses puck.
16:44 of 1st period - Matthew Benning is hit by Mikhail Maltsev and loses puck.
17:02 of 1st period - Connor Clifton is hit by Nelson Nogier and loses puck.
17:19 of 1st period - Luke Kunin is hit by Axel Jonsson-Fjallby.
17:31 of 1st period - Sergey Tolchinsky is hit by Eetu Luostarinen and loses puck.
17:42 of 1st period - Ludwig Bystrom is hit by Kailer Yamamoto and loses puck.
17:49 of 1st period - Anton Blidh is hit by Matthew Benning and loses puck.
19:24 of 1st period - Tarmo Reunanen is hit by Eetu Luostarinen and loses puck.
Goals for this period are 2 for Moose vs 0 for Gulls.
Shots for this period are 10 for Moose vs 7 for Gulls.

2nd period


0:01 of 2nd period - Mitchell Stephens wins face-off versus Logan Brown in neutral zone.
0:26 of 2nd period - Jakub Vrana is hit by Jake Leschyshyn and loses puck.
0:35 of 2nd period - Slapshot by Dean Kukan.
0:35 of 2nd period - Stopped by Filip Gustavsson with a rebound.
0:45 of 2nd period - Slapshot by Julien Gauthier.
0:45 of 2nd period - Deflect By Troy Terry.
0:45 of 2nd period - Stopped by Louis Domingue without a rebound.
0:46 of 2nd period - Troy Terry wins face-off versus Riley Damiani in Gulls zone.
0:48 of 2nd period - Minor Penalty to Dylan DeMelo for Tripping.
0:49 of 2nd period - Luke Kunin wins face-off versus Jake Leschyshyn in Gulls zone.
1:28 of 2nd period - Slapshot by Julien Gauthier.
1:28 of 2nd period - Shot Misses the Net.
2:06 of 2nd period - Ludwig Bystrom is hit by Anton Blidh and loses puck.
2:48 of 2nd period - Penalty to Dylan DeMelo is over, Dylan DeMelo is back on ice.
2:58 of 2nd period - Snap shot by Axel Jonsson-Fjallby.
2:58 of 2nd period - Stopped by Louis Domingue with a rebound.
3:00 of 2nd period - Slapshot by Josh Mahura.
3:00 of 2nd period - Shot Misses the Net.
3:02 of 2nd period - Slapshot by Caleb Jones.
3:02 of 2nd period - Shot Misses the Net.
3:04 of 2nd period - Slapshot by Caleb Jones.
3:04 of 2nd period - Shot Misses the Net.
3:06 of 2nd period - Slapshot by Aliaksei Protas.
3:06 of 2nd period - Shot Blocked by Connor Clifton.
3:16 of 2nd period - Andrei Mironov is hit by Riley Damiani and loses puck.
3:37 of 2nd period - Nick Paul is hit by Andrei Mironov and loses puck.
5:02 of 2nd period - Jack Glover is hit by Matthew Benning and loses puck.
5:13 of 2nd period - Slapshot by Scott Wilson.
5:13 of 2nd period - Shot Blocked by Nick Paul.
5:15 of 2nd period - Wrist shot by Scott Wilson.
5:15 of 2nd period - Shot Blocked by Nelson Nogier.
5:17 of 2nd period - Backhand shot by Barrett Hayton.
5:17 of 2nd period - Shot Misses the Net.
5:44 of 2nd period - Nelson Nogier is hit by Mikhail Maltsev and loses puck.
5:57 of 2nd period - Wrist shot by Jake Leschyshyn.
5:57 of 2nd period - Shot Misses the Net.
6:09 of 2nd period - Jack Glover is hit by Matthew Benning and loses puck.
6:39 of 2nd period - Off-side.
6:40 of 2nd period - Riley Damiani wins face-off versus Kailer Yamamoto in neutral zone.
6:47 of 2nd period - Wrist shot by Boris Katchouk.
6:47 of 2nd period - Shot Blocked by Dean Kukan.
6:49 of 2nd period - Wrist shot by Josh Mahura.
6:49 of 2nd period - Shot Misses the Net.
6:51 of 2nd period - Wrist shot by Riley Damiani.
6:51 of 2nd period - Shot Misses the Net.
6:53 of 2nd period - Snap shot by Boris Katchouk.
6:53 of 2nd period - Stopped by Louis Domingue without a rebound.
6:54 of 2nd period - Luke Kunin wins face-off versus Jake Leschyshyn in Gulls zone.
6:54 of 2nd period - Luke Kunin is hit by Eetu Luostarinen.
7:09 of 2nd period - Off-side.
7:10 of 2nd period - Mitchell Stephens wins face-off versus Logan Brown in neutral zone.
7:51 of 2nd period - Minor Penalty to Julien Gauthier for Slashing.
7:52 of 2nd period - Jake Leschyshyn wins face-off versus Logan Brown in Moose zone.
9:51 of 2nd period - Penalty to Julien Gauthier is over, Julien Gauthier is back on ice.
9:58 of 2nd period - Icing by Dylan DeMelo.
9:59 of 2nd period - Luke Kunin wins face-off versus John Beecher in Gulls zone.
10:26 of 2nd period - Slapshot by Dylan DeMelo.
10:26 of 2nd period - Deflect By Josh Mahura.
10:26 of 2nd period - Stopped by Filip Gustavsson with a rebound.
10:33 of 2nd period - Josh Mahura is hit by Dylan DeMelo and loses puck.
10:44 of 2nd period - Snap shot by Barrett Hayton.
10:44 of 2nd period - Stopped by Filip Gustavsson with a rebound.
10:46 of 2nd period - Wrist shot by Morgan Frost.
10:46 of 2nd period - Stopped by Filip Gustavsson without a rebound.
10:47 of 2nd period - Morgan Frost wins face-off versus Jake Leschyshyn in Moose zone.
10:48 of 2nd period - Slapshot by Jakub Vrana.
10:48 of 2nd period - Stopped by Filip Gustavsson with a rebound.
10:50 of 2nd period - Wrist shot by Dean Kukan.
10:50 of 2nd period - Shot Blocked by Julien Gauthier.
10:54 of 2nd period - Wrist shot by Sergey Tolchinsky.
10:54 of 2nd period - Stopped by Filip Gustavsson with a rebound.
10:56 of 2nd period - Slapshot by Sergey Tolchinsky.
10:56 of 2nd period - Stopped by Filip Gustavsson with a rebound.
10:58 of 2nd period - Wrist shot by Jakub Vrana.
10:58 of 2nd period - Shot Blocked by Nelson Nogier.
11:00 of 2nd period - Slapshot by Andrei Mironov.
11:00 of 2nd period - Shot Blocked by Jake Leschyshyn.
11:02 of 2nd period - Wrist shot by Jakub Vrana.
11:02 of 2nd period - Shot Hit the Post.
11:14 of 2nd period - Slapshot by Juuso Valimaki.
11:14 of 2nd period - Stopped by Louis Domingue with a rebound.
11:58 of 2nd period - Snap shot by Aliaksei Protas.
11:58 of 2nd period - Shot Misses the Net.
12:00 of 2nd period - Slapshot by Axel Jonsson-Fjallby.
12:00 of 2nd period - Deflect By John Beecher.
12:00 of 2nd period - Shot Blocked by Tarmo Reunanen.
12:00 of 2nd period - Puck is out of play.
12:01 of 2nd period - Luke Kunin wins face-off versus Julien Gauthier in Gulls zone.
12:38 of 2nd period - Wrist shot by Anton Blidh.
12:38 of 2nd period - Stopped by Filip Gustavsson with a rebound.
12:40 of 2nd period - Wrist shot by Dylan DeMelo.
12:40 of 2nd period - Stopped by Filip Gustavsson without a rebound.
12:41 of 2nd period - Boris Katchouk wins face-off versus Logan Brown in Moose zone.
12:41 of 2nd period - Caleb Jones is hit by Logan Brown and loses puck.
12:46 of 2nd period - Snap shot by Logan Brown.
12:46 of 2nd period - Shot Blocked by Riley Damiani.
12:48 of 2nd period - Slapshot by Tarmo Reunanen.
12:48 of 2nd period - Stopped by Filip Gustavsson without a rebound.
12:49 of 2nd period - Riley Damiani wins face-off versus Kailer Yamamoto in Moose zone.
12:49 of 2nd period - Riley Damiani is hit by Logan Brown.
12:54 of 2nd period - Minor Penalty to Connor Clifton for Roughing.
12:55 of 2nd period - Sergey Tolchinsky wins face-off versus Jake Leschyshyn in Gulls zone.
13:09 of 2nd period - Snap shot by Vinni Lettieri.
13:09 of 2nd period - Shot Blocked by Luke Kunin.
14:10 of 2nd period - Vinni Lettieri is hit by Andrei Mironov and loses puck.
14:15 of 2nd period - Slapshot by Barrett Hayton.
14:15 of 2nd period - Shot Blocked by Eetu Luostarinen.
14:54 of 2nd period - Penalty to Connor Clifton is over, Connor Clifton is back on ice.
15:23 of 2nd period - Slapshot by Dean Kukan.
15:23 of 2nd period - Shot Misses the Net.
15:33 of 2nd period - Riley Damiani is hit by Sergey Tolchinsky and loses puck.
16:02 of 2nd period - Slapshot by Josh Mahura.
16:02 of 2nd period - Shot Misses the Net.
16:11 of 2nd period - Minor Penalty to Caleb Jones for Slashing.
16:12 of 2nd period - Jake Leschyshyn wins face-off versus Logan Brown in Moose zone.
17:22 of 2nd period - Andrei Mironov is hit by Juuso Valimaki and loses puck.
17:55 of 2nd period - Nick Paul is hit by Jack Glover and loses puck.
18:11 of 2nd period - Penalty to Caleb Jones is over, Caleb Jones is back on ice.
18:40 of 2nd period - Snap shot by John Beecher.
18:40 of 2nd period - Shot Misses the Net.
18:46 of 2nd period - Connor Clifton is hit by Aliaksei Protas and loses puck.
18:59 of 2nd period - Barrett Hayton is hit by Logan O'Connor and loses puck.
19:36 of 2nd period - Anton Blidh is hit by Axel Jonsson-Fjallby and loses puck.
Goals for this period are 0 for Moose vs 0 for Gulls.
Shots for this period are 4 for Moose vs 10 for Gulls.

3rd period


0:01 of 3rd period - Logan Brown wins face-off versus Jake Leschyshyn in neutral zone.
0:16 of 3rd period - Wrist shot by Kailer Yamamoto.
0:16 of 3rd period - Stopped by Filip Gustavsson without a rebound.
0:17 of 3rd period - Mitchell Stephens wins face-off versus Morgan Frost in Moose zone.
0:48 of 3rd period - Minor Penalty to Jake Leschyshyn for Slashing.
0:49 of 3rd period - Logan Brown wins face-off versus Logan O'Connor in Moose zone.
0:57 of 3rd period - Snap shot by Eetu Luostarinen.
0:57 of 3rd period - Shot Misses the Net.
1:03 of 3rd period - Snap shot by Logan O'Connor.
1:03 of 3rd period - Stopped by Louis Domingue without a rebound.
1:04 of 3rd period - Logan Brown wins face-off versus Logan O'Connor in Gulls zone.
1:09 of 3rd period - Slapshot by Dean Kukan.
1:09 of 3rd period - Stopped by Filip Gustavsson with a rebound.
1:49 of 3rd period - Slapshot by Matthew Benning.
1:49 of 3rd period - Shot Misses the Net.
1:52 of 3rd period - Icing by Dylan DeMelo.
1:53 of 3rd period - Riley Damiani wins face-off versus Logan Brown in Gulls zone.
2:48 of 3rd period - Penalty to Jake Leschyshyn is over, Jake Leschyshyn is back on ice.
2:59 of 3rd period - Off-side.
3:00 of 3rd period - Luke Kunin wins face-off versus John Beecher in neutral zone.
3:51 of 3rd period - Tarmo Reunanen is hit by Vinni Lettieri and loses puck.
4:28 of 3rd period - Wrist shot by Kailer Yamamoto.
4:28 of 3rd period - Goal by Kailer Yamamoto - Moose : 2 - Gulls : 1.
4:29 of 3rd period - Logan Brown wins face-off versus Jake Leschyshyn in neutral zone.
4:47 of 3rd period - Minor Penalty to Jake Leschyshyn for High sticking.
4:48 of 3rd period - Logan Brown wins face-off versus Logan O'Connor in Moose zone.
4:52 of 3rd period - Snap shot by Logan Brown.
4:52 of 3rd period - Goal by Logan Brown - Moose : 2 - Gulls : 2.
4:53 of 3rd period - Logan Brown wins face-off versus Jake Leschyshyn in neutral zone.
5:00 of 3rd period - Andrei Mironov is hit by Jake Leschyshyn and loses puck.
5:20 of 3rd period - Sergey Tolchinsky is hit by Vinni Lettieri and loses puck.
5:33 of 3rd period - Slapshot by Ludwig Bystrom.
5:33 of 3rd period - Shot Misses the Net.
5:49 of 3rd period - Snap shot by Mikhail Maltsev.
5:49 of 3rd period - Stopped by Filip Gustavsson with a rebound.
6:09 of 3rd period - Snap shot by Barrett Hayton.
6:09 of 3rd period - Shot Misses the Net.
6:11 of 3rd period - Slapshot by Andrei Mironov.
6:11 of 3rd period - Shot Misses the Net.
6:15 of 3rd period - Snap shot by Pavel Dorofeyev.
6:15 of 3rd period - Stopped by Filip Gustavsson without a rebound.
6:16 of 3rd period - Jake Leschyshyn wins face-off versus Anton Blidh in Moose zone.
6:23 of 3rd period - Slapshot by Kailer Yamamoto.
6:23 of 3rd period - Shot Misses the Net.
6:41 of 3rd period - Jakub Vrana is hit by Mitchell Stephens and loses puck.
6:50 of 3rd period - Slapshot by Jack Glover.
6:50 of 3rd period - Deflect By Jakub Vrana.
6:50 of 3rd period - Stopped by Filip Gustavsson without a rebound.
6:51 of 3rd period - Logan Brown wins face-off versus Jake Leschyshyn in Moose zone.
7:28 of 3rd period - Backhand shot by Logan Brown.
7:28 of 3rd period - Stopped by Filip Gustavsson with a rebound.
8:03 of 3rd period - Tarmo Reunanen is hit by Eetu Luostarinen and loses puck.
8:10 of 3rd period - Snap shot by Julien Gauthier.
8:10 of 3rd period - Shot Misses the Net.
8:12 of 3rd period - Slapshot by Matthew Benning.
8:12 of 3rd period - Shot Blocked by Tarmo Reunanen.
8:14 of 3rd period - Slapshot by Matthew Benning.
8:14 of 3rd period - Stopped by Louis Domingue without a rebound.
8:15 of 3rd period - Riley Damiani wins face-off versus Luke Kunin in Gulls zone.
8:46 of 3rd period - Slapshot by Julien Gauthier.
8:46 of 3rd period - Stopped by Louis Domingue with a rebound.
8:50 of 3rd period - Snap shot by Jake Leschyshyn.
8:50 of 3rd period - Stopped by Louis Domingue with a rebound.
8:52 of 3rd period - Slapshot by Julien Gauthier.
8:52 of 3rd period - Stopped by Louis Domingue with a rebound.
9:04 of 3rd period - Slapshot by Axel Jonsson-Fjallby.
9:04 of 3rd period - Stopped by Louis Domingue without a rebound.
9:05 of 3rd period - John Beecher wins face-off versus Kailer Yamamoto in Gulls zone.
9:20 of 3rd period - Slapshot by Dean Kukan.
9:20 of 3rd period - Shot Blocked by Nelson Nogier.
9:41 of 3rd period - Wrist shot by Eetu Luostarinen.
9:41 of 3rd period - Stopped by Louis Domingue with a rebound.
9:43 of 3rd period - Slapshot by Matthew Benning.
9:43 of 3rd period - Stopped by Louis Domingue with a rebound.
9:59 of 3rd period - Slapshot by Dean Kukan.
9:59 of 3rd period - Deflect By Ludwig Bystrom.
9:59 of 3rd period - Stopped by Filip Gustavsson without a rebound.
10:00 of 3rd period - Mitchell Stephens wins face-off versus Morgan Frost in Moose zone.
10:05 of 3rd period - Snap shot by Juuso Valimaki.
10:05 of 3rd period - Shot Blocked by Dylan DeMelo.
10:07 of 3rd period - Slapshot by Nick Paul.
10:07 of 3rd period - Shot Hit the Post.
10:09 of 3rd period - Slapshot by Nelson Nogier.
10:09 of 3rd period - Shot Misses the Net.
10:11 of 3rd period - Wrist shot by Mitchell Stephens.
10:11 of 3rd period - Stopped by Louis Domingue with a rebound.
10:13 of 3rd period - Slapshot by Juuso Valimaki.
10:13 of 3rd period - Goal by Juuso Valimaki - Moose : 3 - Gulls : 2.
10:14 of 3rd period - Eetu Luostarinen wins face-off versus Logan Brown in neutral zone.
10:29 of 3rd period - Snap shot by Eetu Luostarinen.
10:29 of 3rd period - Stopped by Louis Domingue without a rebound.
10:30 of 3rd period - Mitchell Stephens wins face-off versus Morgan Frost in Gulls zone.
11:20 of 3rd period - Juuso Valimaki is hit by Mikhail Maltsev and loses puck.
12:03 of 3rd period - Snap shot by Morgan Frost.
12:03 of 3rd period - Shot Blocked by John Beecher.
12:05 of 3rd period - Snap shot by Barrett Hayton.
12:05 of 3rd period - Stopped by Filip Gustavsson without a rebound.
12:06 of 3rd period - John Beecher wins face-off versus Barrett Hayton in Moose zone.
12:06 of 3rd period - John Beecher is hit by Pavel Dorofeyev.
12:32 of 3rd period - Anton Blidh is hit by Eetu Luostarinen and loses puck.
12:45 of 3rd period - Snap shot by Jake Leschyshyn.
12:45 of 3rd period - Stopped by Louis Domingue with a rebound.
13:20 of 3rd period - Slapshot by Mikhail Maltsev.
13:20 of 3rd period - Shot Misses the Net.
13:28 of 3rd period - Wrist shot by Luke Kunin.
13:28 of 3rd period - Shot Misses the Net.
13:42 of 3rd period - Snap shot by Barrett Hayton.
13:42 of 3rd period - Stopped by Filip Gustavsson with a rebound.
14:26 of 3rd period - Backhand shot by Axel Jonsson-Fjallby.
14:26 of 3rd period - Stopped by Louis Domingue without a rebound.
14:27 of 3rd period - Logan Brown wins face-off versus Jake Leschyshyn in Gulls zone.
14:31 of 3rd period - Off-side.
14:32 of 3rd period - Jake Leschyshyn wins face-off versus Logan Brown in neutral zone.
14:35 of 3rd period - Anton Blidh is hit by Jake Leschyshyn and loses puck.
15:02 of 3rd period - Slapshot by Nick Paul.
15:02 of 3rd period - Shot Misses the Net.
15:04 of 3rd period - Snap shot by Caleb Jones.
15:04 of 3rd period - Shot Blocked by Dean Kukan.
15:06 of 3rd period - Snap shot by Nick Paul.
15:06 of 3rd period - Shot Misses the Net.
15:08 of 3rd period - Slapshot by Josh Mahura.
15:08 of 3rd period - Deflect By Logan O'Connor.
15:08 of 3rd period - Stopped by Louis Domingue with a rebound.
16:19 of 3rd period - Sergey Tolchinsky is hit by John Beecher and loses puck.
17:10 of 3rd period - Tarmo Reunanen is hit by Julien Gauthier and loses puck.
17:21 of 3rd period - Snap shot by Nick Paul.
17:21 of 3rd period - Stopped by Louis Domingue without a rebound.
17:22 of 3rd period - Luke Kunin wins face-off versus Mitchell Stephens in Gulls zone.
17:33 of 3rd period - Luke Kunin is hit by Nick Paul and loses puck.
17:52 of 3rd period - Slapshot by Vinni Lettieri.
17:52 of 3rd period - Goal by Vinni Lettieri - Moose : 4 - Gulls : 2.
17:53 of 3rd period - Riley Damiani wins face-off versus Luke Kunin in neutral zone.
18:18 of 3rd period - Riley Damiani is hit by Sergey Tolchinsky and loses puck.
18:47 of 3rd period - Logan Brown is hit by Jake Leschyshyn and loses puck.
19:04 of 3rd period - Slapshot by Josh Mahura.
19:04 of 3rd period - Shot Misses the Net.
19:06 of 3rd period - Snap shot by Josh Mahura.
19:06 of 3rd period - Shot Misses the Net.
19:08 of 3rd period - Wrist shot by Logan O'Connor.
19:08 of 3rd period - Goal by Logan O'Connor - Moose : 5 - Gulls : 2.
19:09 of 3rd period - Logan Brown wins face-off versus Jake Leschyshyn in neutral zone.
19:09 of 3rd period - Dean Kukan is hit by Jake Leschyshyn and loses puck.
19:34 of 3rd period - Ludwig Bystrom is hit by Sergey Tolchinsky and loses puck.
19:55 of 3rd period - Slapshot by Vinni Lettieri.
19:55 of 3rd period - Shot Misses the Net.
Goals for this period are 3 for Moose vs 2 for Gulls.
Shots for this period are 17 for Moose vs 11 for Gulls.